[Event "Tuesday 23 January Rapid Engine Tour 12+1 Rounds 9 Starts 1600 ST"]
[Site "Infinity Chess"]
[Date "2018.1.23"]
[Round "9"]
[White "SkyPilot"]
[Black "NINJA_JENGKA"]
[Result "1/2-1/2"]
[ECO "B90"]
[WhiteElo "2491"]
[BlackElo "2453"]
[WhiteEngine "stockfish_x64_bmi2_2018_01_13_CTG"]
[BlackEngine "Houdini 6"]
[EventType "Swiss"]
[WhiteTeam ""]
[BlackTeam ""]
[PlyCount "71"]
[TimeControl "720+1"]

1. e4 c5 2. Nf3 d6 3. d4 cxd4 4. Nxd4 Nf6 5. Nc3 a6 6. Be3 e5 7. Nb3 Be6 
8. f3 Nbd7 9. Qd2 h5 10. Nd5 Nxd5 11. exd5 Bf5 12. Na5 Rb8 13. a4 Be7 
14. Nc4 O-O 15. Be2 Bh7 16. a5 Rc8 17. O-O f5 18. f4 g5 19. Bb6 Nxb6 
20. Nxb6 Rc7 21. fxe5 dxe5 22. Nc4 Rxc4 23. Bxc4 Bd6 24. Ra4 Qe7 25. Rb4 Kg7 
26. Rb6 Bc5+ 27. Kh1 Bxb6 28. axb6 f4 29. d6 Qd7 30. Qd5 Kf6 31. Re1 Re8 
32. Be2 Bg8 33. Qe4 Bh7 34. Qd5 Bg8 35. Qe4 Bh7 36. Qd5 1/2-1/2

[Event "Tuesday 23 January Rapid Engine Tour 12+1 Rounds 9 Starts 1600 ST"]
[Site "Infinity Chess"]
[Date "2018.1.23"]
[Round "8"]
[White "BraveDevil"]
[Black "star99"]
[Result "1/2-1/2 "]
[ECO "D31"]
[WhiteElo "2388"]
[BlackElo "2418"]
[WhiteEngine "Cryptic AIL V2"]
[BlackEngine "Cryptic AIL V2"]
[EventType "Swiss"]
[WhiteTeam ""]
[BlackTeam ""]
[PlyCount "200"]
[TimeControl "720+1"]

1. d4 d5 2. c4 e6 3. Nc3 Bb4 4. Nf3 Nf6 5. cxd5 exd5 6. Bg5 h6 7. Bh4 Bf5 
8. Qb3 Nc6 9. Bxf6 Qxf6 10. e3 Bxc3+ 11. Qxc3 O-O 12. Be2 Rfc8 13. O-O a5 
14. Rfc1 Ne7 15. Ne5 b6 16. Nc6 Nxc6 17. Qxc6 Qxc6 18. Rxc6 Bd7 19. Rc3 c5 
20. Rac1 cxd4 21. exd4 Rxc3 22. Rxc3 Kf8 23. Rc7 Re8 24. Kf1 Rc8 25. Rxc8+ Bxc8 
26. Bd3 Ke7 27. Ke2 Bg4+ 28. Ke3 g5 29. a3 Ke6 30. Bb5 f6 31. g3 Bd1 32. Bd3 Bg4 
33. Bc2 Kd6 34. Bg6 Bd7 35. Bc2 Bg4 36. Kd2 Ke6 37. Bd3 Kd6 38. Bc2 Be6 
39. Bd3 Bh3 40. Kc3 Bd7 41. Be2 Kc7 42. Bf3 Bc6 43. Bg4 Kd6 44. Bf5 Bd7 
45. Bd3 Be6 46. Kd2 Bd7 47. Bc2 Bg4 48. Ke3 Ke6 49. Bg6 Kd6 50. f3 Bd7 
51. Bd3 Ke7 52. Be2 Bf5 53. f4 Be6 54. fxg5 fxg5 55. h4 Bf5 56. Kd2 Bd7 
57. Ke3 Kd6 58. Kd2 Be6 59. Ke3 Kc6 60. Kf3 Kd6 61. Bd3 Kc6 62. Be2 Bf5 
63. Ke3 Kd6 64. Bf3 Ke6 65. Kf2 Kd6 66. Ke3 Bc2 67. Bh5 Kc6 68. Bf3 Kd6 
69. Kd2 Bf5 70. Kc3 Be4 71. Bg4 Kc7 72. Kb3 Kd6 73. Bh5 Kc6 74. Bd1 Kc7 
75. Bh5 Bh7 76. Bf3 Be4 77. Be2 Kc6 78. Bg4 Kd6 79. Kc3 Kc7 80. Be2 Bf5 
81. Bh5 Kd6 82. Kb3 Bd7 83. Kc3 Bf5 84. Bd1 Bd7 85. Kb3 Be6 86. Bh5 Bf5 
87. Bd1 Bd7 88. Bf3 Bf5 89. Ka4 Kc6 90. Kb3 Be4 91. Be2 Kc7 92. Bg4 Bg6 
93. Bd1 Kc6 94. Bg4 Bd3 95. hxg5 hxg5 96. Kc3 Bb1 97. b4 Bh7 98. a4 Be4 
99. b5+ Kd6 100. Be2 Ke6 1/2-1/2

[Event "Tuesday 23 January Rapid Engine Tour 12+1 Rounds 9 Starts 1600 ST"]
[Site "Infinity Chess"]
[Date "2018.1.23"]
[Round "8"]
[White "Eman"]
[Black "Katzenmaier"]
[Result "1/2-1/2"]
[ECO "C77"]
[WhiteElo "2449"]
[BlackElo "2472"]
[WhiteEngine "Eman 1.67 64-bit POPCNT"]
[BlackEngine "SugaR XPrO x64 POPCNT_CTG"]
[EventType "Swiss"]
[WhiteTeam ""]
[BlackTeam ""]
[PlyCount "125"]
[TimeControl "720+1"]

1. e4 e5 2. Nf3 Nc6 3. Bb5 a6 4. Ba4 Nf6 5. O-O Be7 6. Re1 b5 7. Bb3 O-O 
8. h3 Bb7 9. d3 d6 10. a3 Nb8 11. Nbd2 Nbd7 12. Nf1 c6 13. Ne3 Re8 14. c4 Bf8 
15. Ba2 h6 16. b4 a5 17. Bd2 axb4 18. Bxb4 Nc5 19. Nh2 Rc8 20. Nhg4 Nxg4 
21. Nxg4 Ne6 22. cxb5 cxb5 23. Rb1 Qd7 24. Qf3 Nd4 25. Qg3 Kh7 26. Ne3 g6 
27. Qg4 Qxg4 28. hxg4 d5 29. Bxd5 Bxb4 30. Rxb4 Bxd5 31. Nxd5 Red8 32. Rf1 Kg7 
33. Rb2 Ra8 34. Ra2 Ra4 35. Rfa1 Ra5 36. f3 Rb8 37. Kf2 Rc8 38. g3 Nb3 
39. Rd1 Rc1 40. Ke1 Rc8 41. Kf2 Rc1 42. Rxc1 Nxc1 43. Rc2 Nxd3+ 44. Ke2 Rxa3 
45. Rc3 Rxc3 46. Nxc3 b4 47. Kxd3 bxc3 48. Kxc3 Kf6 49. Kd2 Ke6 50. Kd3 Ke7 
51. Ke2 g5 52. Ke1 Kf6 53. Kf1 Ke6 54. Kf2 f6 55. Ke1 Kd6 56. Ke2 Ke6 
57. Ke3 Kd6 58. Kf2 Ke7 59. Ke3 Ke6 60. Kf2 Ke7 61. Ke3 Kd6 62. Kf2 Ke6 63. Kg2 
1/2-1/2

[Event "Tuesday 23 January Rapid Engine Tour 12+1 Rounds 9 Starts 1600 ST"]
[Site "Infinity Chess"]
[Date "2018.1.23"]
[Round "8"]
[White "MarioDeMonti"]
[Black "angriff"]
[Result "1/2-1/2 "]
[ECO "B00"]
[WhiteElo "2456"]
[BlackElo "2433"]
[WhiteEngine "stockfish_x64_bmi2_2018_01_13_CTG"]
[BlackEngine "Raubfisch ME262_GTZ16b2_CTG"]
[EventType "Swiss"]
[WhiteTeam ""]
[BlackTeam ""]
[PlyCount "254"]
[TimeControl "720+1"]

1. e4 Nc6 2. Nf3 e5 3. Bc4 Bc5 4. O-O Nf6 5. d3 d6 6. c3 a5 7. Re1 Ba7 
8. Nbd2 O-O 9. h3 Be6 10. Bb5 h6 11. Nf1 Ne7 12. Ng3 c6 13. Ba4 b5 14. Bc2 a4 
15. d4 Ng6 16. b3 axb3 17. axb3 Qc7 18. Be3 Rfe8 19. b4 Bb6 20. Qd2 Qe7 
21. Nf5 Qf8 22. dxe5 Bxe3 23. Qxd6 Bxf2+ 24. Kxf2 Nd7 25. Rxa8 Rxa8 26. Qxc6 Rc8 
27. Qxb5 Rxc3 28. Ba4 Qa8 29. N5d4 Ndf8 30. Nxe6 Nxe6 31. Qe8+ Qxe8 
32. Bxe8 Ngf4 33. Rd1 Nd3+ 34. Kg1 Kf8 35. Bd7 Nxb4 36. Bxe6 fxe6 37. Nd4 Nd3 
38. Nxe6+ Kf7 39. Nd4 Nxe5 40. Nf5 Rd3 41. Rf1 h5 42. Ng3+ Kg6 43. Nxh5 Re3 
44. Nf4+ Kh6 45. Ra1 Rxe4 46. Nd5 Rd4 47. Ra6+ g6 48. Ne3 Kg5 49. Ra5 Kf4 
50. Nd5+ Kf5 51. Kh2 Ke6 52. Nc7+ Kf5 53. Ra2 Rd6 54. Nb5 Rd5 55. Rf2+ Kg5 
56. Nc3 Rd4 57. Re2 Kf6 58. Ne4+ Kf5 59. Ng3+ Kf6 60. Rf2+ Kg5 61. Rf1 Rc4 
62. Re1 Kf4 63. Re2 Ra4 64. Rd2 Ke3 65. Rb2 Kf4 66. Re2 Rd4 67. Ra2 Rb4 
68. Rd2 Kg5 69. Rf2 Rc4 70. Re2 Kf4 71. Nf1 Rd4 72. Ng3 Rc4 73. Nf1 Rd4 
74. Rf2+ Kg5 75. Ra2 Rf4 76. Ne3 Re4 77. Nd5 Nc6 78. Nc3 Rc4 79. Nd5 Rd4 
80. Nc3 Ne5 81. Ra7 Rc4 82. Nd5 Rc5 83. Ne3 Rc3 84. Nf1 Rc4 85. Ra5 Kf6 
86. Ne3 Rd4 87. Ra6+ Kf7 88. Ra7+ Kf6 89. Ra5 Ke6 90. Nf1 Kf6 91. Ne3 Ke6 
92. Kg3 Rd3 93. Ra6+ Kf7 94. Kf4 Rb3 95. Kxe5 Rxe3+ 96. Kf4 Rb3 97. Ra4 Rc3 
98. Kg5 Rc5+ 99. Kg4 Rc2 100. g3 Rc3 101. Rd4 Kg7 102. h4 Rb3 103. Kh3 Rc3 
104. Kg4 Ra3 105. Rd5 Kf6 106. Rd8 Kg7 107. Rd7+ Kg8 108. Rd4 Kg7 109. Rd5 Kh6 
110. Rd2 Ra4+ 111. Kh3 Ra3 112. Rd7 Ra4 113. Rd5 Ra3 114. Rb5 Ra4 115. Re5 Ra6 
116. Rc5 Ra3 117. Rd5 Ra2 118. Rb5 Ra3 119. Rd5 Kg7 120. Rd7+ Kh6 121. Rd8 Ra2 
122. Rd6 Ra3 123. Rd4 Rb3 124. Kg4 Rc3 125. Re4 Kg7 126. Ra4 Kh7 127. Kh3 Kg7 
1/2-1/2

[Event "Tuesday 23 January Rapid Engine Tour 12+1 Rounds 9 Starts 1600 ST"]
[Site "Infinity Chess"]
[Date "2018.1.23"]
[Round "8"]
[White "OlivierEvan"]
[Black "Wolle"]
[Result "1/2-1/2"]
[ECO "D10"]
[WhiteElo "2387"]
[BlackElo "2475"]
[WhiteEngine "Houdini 6"]
[BlackEngine "Raubfisch X37a2_CTG"]
[EventType "Swiss"]
[WhiteTeam ""]
[BlackTeam ""]
[PlyCount "119"]
[TimeControl "720+1"]

1. d4 d5 2. c4 c6 3. cxd5 cxd5 4. Bf4 Nc6 5. e3 Bf5 6. Qb3 Qd7 7. Nc3 e6 
8. Rc1 Rc8 9. Nf3 f6 10. h3 h5 11. Bh2 Kf7 12. Be2 g5 13. Qd1 Bg6 14. O-O Nge7 
15. Nd2 Kg7 16. Nb3 Nf5 17. a3 Bd6 18. Bxd6 Nxd6 19. Nc5 Qe7 20. Nb5 Nf5 
21. Qa4 Be8 22. Bd3 a6 23. Bxf5 exf5 24. Nc3 Nxd4 25. Qb4 Qxc5 26. Qxb7+ Bf7 
27. exd4 Qc6 28. Qxc6 Rxc6 29. Na4 Rc4 30. Nc5 Rxd4 31. Nxa6 Ra8 32. Nc7 Rb8 
33. b4 Rd3 34. Ra1 d4 35. Na6 Rd8 36. Nc5 Rc3 37. Rfc1 Rxc1+ 38. Rxc1 d3 
39. Rd1 d2 40. f3 Bc4 41. Kf2 h4 42. a4 Kf7 43. a5 Ke7 44. a6 f4 45. a7 Ra8 
46. Rxd2 Rxa7 47. Rd1 Ra2+ 48. Kg1 Bb5 49. Ne4 Bc4 50. Nc5 Ra3 51. Rc1 Bb5 
52. Rd1 Rc3 53. Re1+ Kf7 54. Rb1 f5 55. Rd1 Re3 56. Rd5 Kf6 57. Rd6+ Kf7 
58. Rd5 Kg6 59. Rd6+ Kf7 60. Rd5 1/2-1/2

[Event "Tuesday 23 January Rapid Engine Tour 12+1 Rounds 9 Starts 1600 ST"]
[Site "Infinity Chess"]
[Date "2018.1.23"]
[Round "8"]
[White "ivrdurant"]
[Black "Dinkelberger"]
[Result "1/2-1/2"]
[ECO "C08"]
[WhiteElo "2391"]
[BlackElo "2390"]
[WhiteEngine "Raubfisch X37b3._CTG"]
[BlackEngine "stockfish_18011309_x64_modern_CTG"]
[EventType "Swiss"]
[WhiteTeam ""]
[BlackTeam ""]
[PlyCount "66"]
[TimeControl "720+1"]

1. e4 e6 2. d4 d5 3. Nd2 c5 4. exd5 exd5 5. Ngf3 Nf6 6. Bb5+ Bd7 7. Bxd7+ Nbxd7 
8. O-O Be7 9. dxc5 Nxc5 10. Nb3 Nce4 11. h3 Bd6 12. c3 O-O 13. Be3 Re8 
14. Nc1 Re7 15. Re1 Qd7 16. Nd3 a6 17. Bf4 Bxf4 18. Nxf4 Rae8 19. Nd3 Qd6 
20. Qc2 g6 21. Rad1 Kg7 22. Nd4 b6 23. Re2 Nh5 24. Rde1 Nc5 25. g3 Re4 
26. Kg2 f5 27. Qd2 Ne6 28. a3 a5 29. Kh2 Qc7 30. Nb5 Qd7 31. Nd4 Qc7 32. Kg2 Qd6 
33. Kh2 Qc7 1/2-1/2

[Event "Tuesday 23 January Rapid Engine Tour 12+1 Rounds 9 Starts 1600 ST"]
[Site "Infinity Chess"]
[Date "2018.1.23"]
[Round "8"]
[White "Dovahkiin"]
[Black "Thinker"]
[Result "1/2-1/2"]
[ECO "A00"]
[WhiteElo "2426"]
[BlackElo "2423"]
[WhiteEngine "BrainFish_180113_x64_modern_CTG"]
[BlackEngine "BrainFish_180113_x64_modern_CTG"]
[EventType "Swiss"]
[WhiteTeam ""]
[BlackTeam ""]
[PlyCount "146"]
[TimeControl "720+1"]

1. e3 e5 2. e4 Nf6 3. Nc3 Bc5 4. Bc4 d6 5. Nf3 c6 6. d3 O-O 7. a4 h6 8. O-O Nbd7 
9. h3 Re8 10. Be3 b6 11. Bb3 a5 12. d4 Bb4 13. Ne2 exd4 14. Nfxd4 Qc7 15. c3 Bc5 
16. Ng3 d5 17. Ndf5 dxe4 18. Nh5 Bf8 19. Bd4 Re5 20. Nfg3 Bc5 21. Bxe5 Qxe5 
22. Nxf6+ Nxf6 23. Qd8+ Kh7 24. Kh1 Bb7 25. f4 Qxc3 26. bxc3 Rxd8 27. Rfd1 Re8 
28. Bxf7 Rf8 29. Bc4 Bc8 30. Ne2 h5 31. Nd4 h4 32. Nxc6 Nh5 33. Rd8 Rxd8 
34. Nxd8 Nxf4 35. Kh2 Bd6 36. Kg1 Kg6 37. Nc6 Bb7 38. Nd4 Kf6 39. Rb1 Bc5 
40. Kh2 e3 41. g3 hxg3+ 42. Kxg3 Ke5 43. Nb3 Nh5+ 44. Kh2 Bd5 45. Bxd5 Kxd5 
46. Nxc5 bxc5 47. Rb7 Ke4 48. Kg2 Nf4+ 49. Kg3 Ne2+ 50. Kg2 Nxc3 51. Re7+ Kd3 
52. Kf3 e2 53. Kf2 Nxa4 54. Re3+ Kd4 55. Rxe2 Nc3 56. Re7 a4 57. Ke1 a3 
58. Kd2 a2 59. Ra7 g5 60. Kc1 Ne2+ 61. Kb2 c4 62. Kxa2 Kd3 63. Rd7+ Kc2 
64. Re7 Kd3 65. Ka3 c3 66. Rd7+ Kc2 67. Kb4 Kb2 68. Rb7 c2 69. Kc4+ Ka1 
70. Ra7+ Kb1 71. Rb7+ Ka1 72. Ra7+ Kb1 73. Rb7+ Ka1 1/2-1/2

[Event "Tuesday 23 January Rapid Engine Tour 12+1 Rounds 9 Starts 1600 ST"]
[Site "Infinity Chess"]
[Date "2018.1.23"]
[Round "8"]
[White "Ninja_Bp"]
[Black "Prometheus"]
[Result "0-1"]
[ECO "A04"]
[WhiteElo "2434"]
[BlackElo "2457"]
[WhiteEngine "Houdini 6_CTG"]
[BlackEngine "Eman 1.58-64bit-IDeA"]
[EventType "Swiss"]
[WhiteTeam ""]
[BlackTeam ""]
[PlyCount "204"]
[TimeControl "720+1"]

1. Nf3 e6 2. d4 d5 3. e3 Be7 4. b3 Nf6 5. Bb2 b6 6. c4 Bb7 7. cxd5 exd5 
8. Bd3 Nbd7 9. O-O Bd6 10. Ne5 O-O 11. Bf5 g6 12. Bh3 a5 13. Qc2 Qe7 14. f4 b5 
15. Nd2 Nb6 16. Rae1 a4 17. g4 Bc8 18. f5 gxf5 19. gxf5 Kh8 20. Kh1 Bb7 
21. Rf4 a3 22. Ba1 Rg8 23. Ndf3 Rg7 24. Bf1 b4 25. Bd3 Rag8 26. Qf2 Qe8 
27. Rh4 Be7 28. Rh6 Nbd7 29. Rh3 Bd8 30. Qf1 Nb6 31. Rh6 Nc8 32. Nh4 Nd6 
33. Qf4 Rg4 34. Nxg4 Rxg4 35. Qf3 Nde4 36. Ng2 Qf8 37. Rxf6 Nxf6 38. Nf4 Qh6 
39. Rg1 Rh4 40. Rg2 Be7 41. Qf2 Bd6 42. Be2 Bxf4 43. exf4 Bc8 44. Qe1 Bxf5 
45. Qxb4 Nd7 46. Kg1 Be4 47. Qe7 Bxg2 48. Qxd7 Qxf4 49. Qe8+ Kg7 50. Qe5+ Qxe5 
51. dxe5 Bh3 52. Bc3 d4 53. Bd2 Re4 54. Kf2 Rxe5 55. Bb4 Be6 56. Bxa3 Ra5 
57. Be7 Rxa2 58. Ke1 Bf5 59. Bf3 d3 60. h4 Be6 61. Bb4 Bxb3 62. Bd2 c5 
63. Bg4 c4 64. Bf3 Rc2 65. Bb4 c3 66. h5 d2+ 67. Ke2 Bd5 68. Bxd5 Rc1 
69. h6+ Kg6 70. Bb3 d1=Q+ 71. Bxd1 c2 72. Bxc2+ Rxc2+ 73. Kd1 Rh2 74. Be1 Rxh6 
75. Bc3 Rh1+ 76. Kc2 Rh5 77. Ba1 Rb5 78. Bd4 Rd5 79. Bf2 Re5 80. Kd3 Rf5 
81. Be1 Rf6 82. Kd2 Kh6 83. Bh4 Rd6+ 84. Kc3 f5 85. Bg3 Rd7 86. Bf4+ Kh5 
87. Be3 Kg4 88. Bh6 f4 89. Kc4 Rf7 90. Kd5 f3 91. Be3 f2 92. Bxf2 Rxf2 
93. Kc4 h5 94. Kc3 Rf4 95. Kb3 h4 96. Ka3 h3 97. Kb3 h2 98. Kc3 h1=Q 
99. Kd3 Qd5+ 100. Kc2 Rc4+ 101. Kb1 Qb5+ 102. Ka1 Ra4# 0-1

[Event "Tuesday 23 January Rapid Engine Tour 12+1 Rounds 9 Starts 1600 ST"]
[Site "Infinity Chess"]
[Date "2018.1.23"]
[Round "8"]
[White "Longin"]
[Black "KhalidOmar"]
[Result "1/2-1/2"]
[ECO "C55"]
[WhiteElo "2451"]
[BlackElo "2474"]
[WhiteEngine "S_XPrO.251117.x64.POPCNT_CTG"]
[BlackEngine "Eman 1.67 64-bit BMI2"]
[EventType "Swiss"]
[WhiteTeam ""]
[BlackTeam ""]
[PlyCount "126"]
[TimeControl "720+1"]

1. e4 e5 2. Nf3 Nc6 3. Bc4 Nf6 4. d3 Bc5 5. O-O a5 6. c3 d6 7. Re1 O-O 
8. Nbd2 Be6 9. Bb5 Ne7 10. d4 Ba7 11. h3 Ng6 12. Ba4 c6 13. Bc2 Nh5 14. Nf1 Nhf4 
15. Ng3 f6 16. Nf5 d5 17. N3h4 Qd7 18. Be3 dxe4 19. Bxe4 exd4 20. Nxd4 Nxh4 
21. Bxf4 Bxd4 22. cxd4 Rfe8 23. Bxh7+ Kxh7 24. Qh5+ Kg8 25. Qxh4 Qxd4 
26. Qg3 Rad8 27. Bh6 Qd7 28. b3 Bd5 29. Bf4 Rxe1+ 30. Rxe1 Re8 31. Rxe8+ Qxe8 
32. Bd2 Qe2 33. Bxa5 Qxa2 34. b4 c5 35. Qb8+ Kh7 36. Qe8 Bf7 37. Qe4+ Kg8 
38. Qxb7 Qa1+ 39. Kh2 Qe5+ 40. Kg1 Qa1+ 41. Kh2 Qe5+ 42. Kg1 c4 43. Qc8+ Kh7 
44. Qc7 Qe1+ 45. Kh2 Qxf2 46. Qxf7 Qf4+ 47. Kg1 Qe3+ 48. Kf1 Qc1+ 49. Ke2 Qc2+ 
50. Kf3 Qd1+ 51. Kf2 Qd2+ 52. Kg3 Qe3+ 53. Kh2 Qf4+ 54. Kg1 Qd4+ 55. Kf1 Qd3+ 
56. Ke1 Qc3+ 57. Kd1 Qb3+ 58. Kc1 Qc3+ 59. Kb1 Qb3+ 60. Ka1 Qa3+ 61. Kb1 Qb3+ 
62. Ka1 Qa4+ 63. Kb1 Qb3+ 1/2-1/2

[Event "Tuesday 23 January Rapid Engine Tour 12+1 Rounds 9 Starts 1600 ST"]
[Site "Infinity Chess"]
[Date "2018.1.23"]
[Round "8"]
[White "NINJA_JENGKA"]
[Black "Gilgamesch"]
[Result "1/2-1/2"]
[ECO "C25"]
[WhiteElo "2452"]
[BlackElo "2477"]
[WhiteEngine "Houdini 6"]
[BlackEngine "BrainFish_171005_x64_bmi2"]
[EventType "Swiss"]
[WhiteTeam ""]
[BlackTeam ""]
[PlyCount "126"]
[TimeControl "720+1"]

1. e4 e5 2. Nc3 Nc6 3. Nf3 Nf6 4. Bc4 Nxe4 5. Nxe4 d5 6. Bd3 dxe4 7. Bxe4 Bd6 
8. O-O O-O 9. Re1 Nb4 10. a3 f5 11. axb4 fxe4 12. Rxe4 Bf5 13. Qe2 Bxe4 
14. Qxe4 Qd7 15. d3 Qc6 16. Qxc6 bxc6 17. Bd2 Rfb8 18. b3 e4 19. dxe4 Bxb4 
20. Kf1 a5 21. Ra4 Bxd2 22. Nxd2 Rb4 23. Ra2 g5 24. f3 a4 25. Ke2 Kf7 
26. Ra3 Rb5 27. g3 Kf6 28. Ke3 Rba5 29. bxa4 Rc5 30. f4 Rxc2 31. a5 c5 
32. h3 gxf4+ 33. gxf4 Ra6 34. Nf1 Rc1 35. Ke2 Ke7 36. Ne3 h5 37. Nd5+ Kd6 
38. Ne3 c4 39. Kd2 Rh1 40. Nxc4+ Kc5 41. Ne5 Kd4 42. Ra4+ Kc5 43. Ke3 Rxh3+ 
44. Nf3 Rg3 45. e5 Kd5 46. Ra1 c5 47. Rd1+ Ke6 48. Ke4 Rxa5 49. Ng5+ Ke7 
50. Rh1 Kd7 51. Rxh5 Ra4+ 52. Kf5 Re3 53. e6+ Kc6 54. Rh8 Rd4 55. Rc8+ Kb6 
56. Re8 Kb7 57. Re7+ Kc6 58. Ra7 c4 59. Nf7 Rxf4+ 60. Kxf4 Rxe6 61. Ng5 Kb6 
62. Ra1 Rc6 63. Ke3 c3 1/2-1/2

[Event "Tuesday 23 January Rapid Engine Tour 12+1 Rounds 9 Starts 1600 ST"]
[Site "Infinity Chess"]
[Date "2018.1.23"]
[Round "8"]
[White "hafaba"]
[Black "RonWeasley"]
[Result "1/2-1/2"]
[ECO "A46"]
[WhiteElo "2438"]
[BlackElo "2506"]
[WhiteEngine "Stockfish SL FA POPCNT_CTG"]
[BlackEngine "BrainFish 130117_CTG"]
[EventType "Swiss"]
[WhiteTeam ""]
[BlackTeam ""]
[PlyCount "62"]
[TimeControl "720+1"]

1. d4 Nf6 2. Nf3 d5 3. c4 e6 4. Nc3 c6 5. e3 Nbd7 6. Qc2 Bd6 7. cxd5 exd5 
8. Bd3 O-O 9. O-O Re8 10. Re1 Nf8 11. h3 Be6 12. Bd2 Qc8 13. e4 dxe4 
14. Nxe4 Nxe4 15. Bxe4 f6 16. Re2 Qd7 17. Rae1 Re7 18. Qa4 Bf7 19. Bb4 Ree8 
20. Bxd6 Qxd6 21. d5 cxd5 22. Bxh7+ Kxh7 23. Rxe8 Bxe8 24. Rxe8 Rxe8 
25. Qxe8 Ne6 26. Qh5+ Kg8 27. g3 d4 28. Qe8+ Kh7 29. Qh5+ Kg8 30. Qe8+ Kh7 
31. Qh5+ Kg8 1/2-1/2

[Event "Tuesday 23 January Rapid Engine Tour 12+1 Rounds 9 Starts 1600 ST"]
[Site "Infinity Chess"]
[Date "2018.1.23"]
[Round "8"]
[White "Marsell"]
[Black "SkyPilot"]
[Result "1/2-1/2"]
[ECO "C55"]
[WhiteElo "2489"]
[BlackElo "2491"]
[WhiteEngine "asmFishW_2018-01-11_popcnt"]
[BlackEngine "stockfish_x64_bmi2_2018_01_13_CTG"]
[EventType "Swiss"]
[WhiteTeam ""]
[BlackTeam ""]
[PlyCount "97"]
[TimeControl "720+1"]

1. e4 e5 2. Nf3 Nc6 3. Bc4 Nf6 4. d3 Bc5 5. c3 d6 6. O-O O-O 7. h3 a5 
8. Nbd2 Be6 9. Bb5 h6 10. Re1 Qb8 11. Nf1 Qa7 12. Be3 Bxe3 13. Nxe3 Ne7 
14. a4 Ng6 15. Bc4 Bxc4 16. Nxc4 Qa6 17. b3 Rfe8 18. Qc2 Nf4 19. Kh2 b6 
20. d4 exd4 21. Nxd4 Qb7 22. Nd2 Nd7 23. Re3 Nf6 24. Rae1 Rad8 25. Nf5 Ne6 
26. Nf3 Nh5 27. Kg1 Kh7 28. b4 axb4 29. cxb4 g6 30. b5 d5 31. exd5 Qxd5 
32. N5h4 Nhf4 33. Ne5 Qc5 34. Qb1 Qe7 35. Nhf3 Qf6 36. Qc1 Rd5 37. Qc2 Red8 
38. h4 Rc5 39. Qe4 Kg7 40. g3 Nd5 41. Rd3 Nc3 42. Qe3 Rxd3 43. Nxd3 Rh5 
44. g4 Rd5 45. Nde5 Nd1 46. Qe4 Nc3 47. Qe3 Nd1 48. Qe4 Nc3 49. Qe3 1/2-1/2

[Event "Tuesday 23 January Rapid Engine Tour 12+1 Rounds 9 Starts 1600 ST"]
[Site "Infinity Chess"]
[Date "2018.1.23"]
[Round "7"]
[White "angriff"]
[Black "OlivierEvan"]
[Result "1/2-1/2"]
[ECO "E10"]
[WhiteElo "2435"]
[BlackElo "2385"]
[WhiteEngine "Raubfisch ME262_GTZ16b2_CTG"]
[BlackEngine "Houdini 6"]
[EventType "Swiss"]
[WhiteTeam ""]
[BlackTeam ""]
[PlyCount "159"]
[TimeControl "720+1"]

1. d4 Nf6 2. c4 e6 3. Nf3 d5 4. Nc3 c6 5. Bg5 h6 6. Bxf6 Qxf6 7. Qc2 dxc4 
8. e3 b5 9. a4 Bb7 10. axb5 cxb5 11. Nxb5 Bb4+ 12. Nc3 O-O 13. Be2 Nd7 
14. O-O Rfc8 15. Na2 Bd6 16. Nd2 Nb6 17. Bf3 Qe7 18. Rfc1 Bxf3 19. Nxf3 Qb7 
20. Nd2 a5 21. Nc3 Bb4 22. h3 Nd5 23. Qd1 Rc7 24. Qe2 Qa6 25. Nde4 Rac8 
26. Na4 Qc6 27. Rc2 Nb6 28. Nxb6 Qxb6 29. Qf3 Rb7 30. h4 Qb5 31. g4 Qd5 
32. Kg2 Rf8 33. g5 hxg5 34. hxg5 Be7 35. Rh1 Bxg5 36. Rh5 f6 37. Nc5 Re7 
38. Qxd5 exd5 39. f4 Bh6 40. Kf3 Rd8 41. Na4 Kf7 42. Nc3 Red7 43. Rc1 Ke6 
44. Ra1 Ra8 45. Kg4 Rd6 46. Ra3 Rdd8 47. b3 cxb3 48. Rxb3 Ra7 49. Ra3 Raa8 
50. Kf3 Ra6 51. Ke2 Raa8 52. Kd3 Rd7 53. Rb3 Raa7 54. Ra3 Ra8 55. Rb3 Raa7 
56. Rb6+ Kf7 57. Na4 Kg6 58. Rh2 Kf7 59. Rb5 Rdb7 60. Rxd5 Rb3+ 61. Nc3 a4 
62. Kc4 Rb6 63. Nb5 Raa6 64. Nc7 Ra7 65. Rd7+ Kg6 66. Nd5 Rba6 67. Rxa7 Rxa7 
68. Nc3 a3 69. Ra2 Kf5 70. Nb5 Ra8 71. d5 g5 72. fxg5 fxg5 73. Rxa3 Rxa3 
74. Nxa3 g4 75. Kd3 g3 76. Ke2 g2 77. Kf2 g1=Q+ 78. Kxg1 Bxe3+ 79. Kg2 Ke4 
80. d6 1/2-1/2

[Event "Tuesday 23 January Rapid Engine Tour 12+1 Rounds 9 Starts 1600 ST"]
[Site "Infinity Chess"]
[Date "2018.1.23"]
[Round "7"]
[White "Eman"]
[Black "BraveDevil"]
[Result "1/2-1/2 "]
[ECO "A46"]
[WhiteElo "2452"]
[BlackElo "2385"]
[WhiteEngine "Eman 1.67 64-bit POPCNT"]
[BlackEngine "Cryptic AIL V2"]
[EventType "Swiss"]
[WhiteTeam ""]
[BlackTeam ""]
[PlyCount "185"]
[TimeControl "720+1"]

1. d4 Nf6 2. Nf3 d5 3. c4 e6 4. Nc3 Bb4 5. Qa4+ Nc6 6. Qc2 O-O 7. e3 b6 
8. Bd2 Ba6 9. Qa4 Bxc3 10. Bxc3 Bb7 11. Be2 a5 12. cxd5 Qxd5 13. O-O Rfc8 
14. Rfd1 Qh5 15. Qc2 Ne7 16. Rac1 Ng6 17. Ne5 Qg5 18. Bf3 Bxf3 19. Nxf3 Qg4 
20. b3 Qe4 21. a4 Rd8 22. Qe2 Rd7 23. Nd2 Qf5 24. Nc4 Rad8 25. Bb2 Nd5 
26. Rd2 Nb4 27. Bc3 Nc6 28. Rcd1 h5 29. h3 Nge7 30. Bb2 Kh7 31. Ba3 f6 
32. Rc1 Nb4 33. Bxb4 axb4 34. a5 bxa5 35. Ra1 Ra8 36. Rda2 Qg6 37. Rxa5 Rxa5 
38. Nxa5 Rd5 39. Nb7 e5 40. dxe5 Rxe5 41. f4 Re6 42. Ra5 f5 43. Nc5 Rd6 
44. Nd3 Qf7 45. Ne5 Qxb3 46. Qxh5+ Rh6 47. Qf3 Ng6 48. Nxg6 Kxg6 49. Kh2 Qd3 
50. Rc5 Kh7 51. Rxc7 Re6 52. Qg3 Rg6 53. Qf2 b3 54. Rb7 Qc2 55. Qxc2 bxc2 
56. Rc7 Re6 57. Rxc2 Rxe3 58. g3 Rb3 59. Kg2 Rb4 60. Ra2 Kh6 61. h4 Rb3 
62. Re2 g6 63. Kf2 Rb1 64. Re5 Rb2+ 65. Kg1 Rb1+ 66. Kh2 Rb8 67. Rd5 Rb2+ 
68. Kg1 Kh7 69. Rd3 Kh6 70. Re3 Kg7 71. Ra3 Kh6 72. Kf1 Kh5 73. Ra6 Rb1+ 
74. Kg2 Rb3 75. Kf2 Rb2+ 76. Kf3 Rb3+ 77. Kg2 Rb2+ 78. Kf1 Rb1+ 79. Ke2 Rb2+ 
80. Ke3 Rb4 81. Kf2 Rb2+ 82. Kf3 Rb1 83. Rc6 Rb3+ 84. Kg2 Rb2+ 85. Kh3 Rb3 
86. Rf6 Kh6 87. Rf7 Re3 88. Kh2 Rc3 89. Re7 Rc2+ 90. Kh3 Rc3 91. Re6 Kh5 
92. Re1 Ra3 93. Rc1 1/2-1/2

[Event "Tuesday 23 January Rapid Engine Tour 12+1 Rounds 9 Starts 1600 ST"]
[Site "Infinity Chess"]
[Date "2018.1.23"]
[Round "7"]
[White "Wolle"]
[Black "MarioDeMonti"]
[Result "1/2-1/2"]
[ECO "C53"]
[WhiteElo "2476"]
[BlackElo "2455"]
[WhiteEngine "Raubfisch X37a2_CTG"]
[BlackEngine "stockfish_x64_bmi2_2018_01_13_CTG"]
[EventType "Swiss"]
[WhiteTeam ""]
[BlackTeam ""]
[PlyCount "110"]
[TimeControl "720+1"]

1. e4 e5 2. Nf3 Nc6 3. Bc4 Bc5 4. c3 Nf6 5. d3 d6 6. O-O O-O 7. h3 a5 8. Nbd2 h6 
9. Re1 Be6 10. b3 Qb8 11. Nf1 Bb6 12. a4 Qc8 13. Ng3 Re8 14. Bb5 Qd8 15. Bb2 Nd7 
16. Rc1 d5 17. exd5 Bxd5 18. Bc4 Nf6 19. Ba3 Ba7 20. Nh4 Be6 21. Nhf5 Kh8 
22. Bb5 Rb8 23. Bxc6 bxc6 24. Rxe5 Bxb3 25. Qe2 Rxe5 26. Qxe5 Qxd3 27. Qxc7 Qd7 
28. Qf4 Be6 29. c4 Bxf5 30. Nxf5 Re8 31. Nd6 Bb8 32. c5 Kg8 33. Bb2 Re6 
34. Be5 Nd5 35. Qg4 f6 36. Rb1 Bxd6 37. Bxd6 Nb4 38. Bc7 f5 39. Qg3 Qd3 
40. Rf1 Qxg3 41. fxg3 Na6 42. Bxa5 Nxc5 43. Rxf5 Nxa4 44. Bb4 Re2 45. g4 Nb6 
46. Ba3 Nd7 47. Bd6 Nf6 48. Ra5 Nd5 49. Ra8+ Kf7 50. Kh2 Ne3 51. Kg3 Nxg2 
52. Ra7+ Kg8 53. Ra8+ Kf7 54. Ra7+ Kg8 55. Ra8+ Kf7 1/2-1/2